 Dungeon Crawl Stone Soup version 0.19-a0-1057-g15bb84d (webtiles) character file.

165 Meriados the Poker (level 5, 0/35 HPs)
             Began as a Merfolk Ice Elementalist on Aug 2, 2016.
             Killed by nerve-wracking pain
             ... invoked by an orc priest
              (10 damage)
             ... on level 3 of the Dungeon.
             The game lasted 00:07:16 (3367 turns).

Meriados the Poker (Merfolk Ice Elementalist)       Turns: 3367, Time: 00:07:17

Health: 0/35       AC:  3    Str:  8    XL:     5   Next: 46%
Magic:  7/8        EV: 12    Int: 14    God:
Gold:   46         SH:  0    Dex: 16    Spells: 3 memorised, 2 levels left

rFire  . . .     SeeInvis .     e - +0 spear
rCold  . . .     Gourm    .     u - +0 leather armour
rNeg   + . .     Faith    .     (no shield)
rPois  .         Spirit   .     (no helmet)
rElec  .         Dismiss  .     (no cloak)
rCorr  .         Reflect  .     (no gloves)
SustAt .         Harm     .     (no boots)
MR     .....                    (no amulet)
Stlth  ++........               (no ring)
                                n - ring of positive energy

@: not resistant to hostile enchantments, unstealthy
A: change form in water, swift swim
a: no special abilities


You were on level 3 of the Dungeon.
You were not hungry.

You visited 1 branch of the dungeon, and saw 3 of its levels.

You collected 46 gold pieces.

Inventory:

Hand Weapons
 e - a +0 spear (weapon)
Missiles
 g - 68 stones (quivered)
Armour
 u - a +0 leather armour (worn)
Jewellery
 n - a ring of positive energy (left hand)
Wands
 q - a wand of paralysis (9/24)
Scrolls
 a - a scroll of immolation {unknown}
 f - 3 scrolls of identify {unknown}
 h - a scroll of enchant weapon {unknown}
 i - 2 scrolls of magic mapping {unknown}
 k - 5 scrolls of remove curse {unknown}
 p - a scroll of teleportation {unknown}
 r - a scroll of random uselessness {unknown}
 s - a scroll of recharging {unknown}
Potions
 d - a potion of flight {unknown}
 l - 3 potions of lignification {unknown}
 m - a potion of haste {unknown}
Books
 b - a book of Frost

   Spells                             Type                      Level
   a - Freeze                         Ice                          1
   b - Throw Frost                    Conjuration/Ice              2
   c - Ozocubu's Armour               Charms/Ice                   3
   d - Throw Icicle                   Conjuration/Ice              4
   e - Summon Ice Beast               Ice/Summoning                4
Comestibles
 c - 2 bread rations
 j - 3 meat rations
 o - a slice of pizza


   Skills:
 * Level 7.0 Polearms
 - Level 2.6 Dodging
 - Level 2.1 Stealth
 - Level 2.0 Spellcasting
 - Level 0.7 Conjurations
 - Level 3.5 Ice Magic


You had 2 spell levels left.
You knew the following spells:

 Your Spells              Type           Power        Failure   Level  Hunger
a - Freeze                Ice            ##..         10%         1    ##.....
b - Throw Frost           Conj/Ice       #.....       24%         2    ###....
c - Ozocubu's Armour      Chrm/Ice       #.......     58%         3    ####...


Dungeon Overview and Level Annotations

Branches:
Dungeon (3/15)

Altars:
Sif Muna
Trog


Message History

The orc barely misses you.
The orc priest miscasts a cantrip.
You hit the orc but do no damage.
The orc is moderately wounded.
Casting: Freeze
Confirm with . or Enter, or press ? or * to list all spells.
Aiming: Freeze
Press: ? - help, Shift-Dir - straight line, f - orc
Aim: an orc, wielding a club and wearing a ring mail (moderately wounded)
You freeze the orc.
You kill the orc!
You closely miss the orc priest.
The orc priest invokes the aid of Beogh against you.
Beogh smites you!
* * * LOW HITPOINT WARNING * * *
You hit the orc priest.
The orc priest is moderately wounded.
The orc priest mumbles some strange prayers to Beogh against you.
Pain shoots through your body!
You die...

.......#.#.#...........#
#......#.#.#...o.......#
.....###.#.#...........#
.........#.#...........########
.......#.#.###'###............#
...............###..#..######.#
..)##...........##o.#....# #.#
##.#....#........#..#....# #.#
.#.#########.###@#o.#....# #.#
.#.........#.# #o#..)....# #.#
.#########.#.###.#.......# #.#
.# #.#.............# #.# .#
#.#####.#######.####.### .#
#.......# #..........# .#
######### ############ .# .#


You could see an orc priest.

Vanquished Creatures
  An orc priest (D:3)
  4 adders
  A worm (D:2)
  2 dart slugs
  3 giant geckos
  4 orcs
  A ball python (D:2)
  4 bats
  3 giant cockroaches
  15 goblins
  8 hobgoblins
  6 jackals (D:1)
  9 giant newts
  10 kobolds
  10 rats
81 creatures vanquished.

Notes
Turn   | Place    | Note
-------+----------+-------------------------------------------
     0 | D:1      | Meriados the Merfolk Ice Elementalist began the quest for the Orb.
     0 | D:1      | Reached XP level 1. HP: 13/13 MP: 3/3
    50 | D:1      | Reached skill level 1 in Polearms
    50 | D:1      | Reached XP level 2. HP: 10/19 MP: 0/5
   337 | D:1      | Reached skill level 2 in Polearms
   393 | D:1      | Reached skill level 3 in Polearms
   446 | D:1      | Reached XP level 3. HP: 16/24 MP: 6/6
   941 | D:1      | Reached skill level 4 in Polearms
  1711 | D:2      | Reached XP level 4. HP: 30/30 MP: 7/7
  1793 | D:2      | Reached skill level 5 in Polearms
  2261 | D:2      | Learned a level 2 spell: Throw Frost
  2265 | D:2      | Learned a level 3 spell: Ozocubu's Armour
  2574 | D:2      | Found a bloodstained altar of Trog.
  2727 | D:2      | Found a deep blue altar of Sif Muna.
  2768 | D:3      | Reached skill level 6 in Polearms
  2998 | D:3      | Reached XP level 5. HP: 35/35 MP: 8/8
  3348 | D:3      | Reached skill level 7 in Polearms
  3367 | D:3      | Killed from afar by an orc priest

Vault maps used:
D:1:      dpeg_arrival_shelter, minmay_statues_item
D:2:      led_sif_pool, trog_hazing_becter
D:3:      grunt_pakellas_salt

Skill      XL: |  1  2  3  4  5 |
---------------+----------------+-----
Polearms       | 1 3 4 6 7 |  7.0
Dodging        | |  2.6
Stealth        | |  2.1
Spellcasting   | |  2.0
Conjurations   | |  0.7
Ice Magic      | |  3.5

Action                   |  1- 3 |  4- 6 || total
-------------------------+-------+-------++-------
Melee: Spear             |   164 |   196 ||   360
       Unarmed           |     2 |       ||     2
 Cast: Freeze            |    10 |    18 ||    28
       Ozocubu's Armour  |       |     1 ||     1
 Stab: Sleeping          |     4 |     1 ||     5
  Eat: Chunk             |     3 |     6 ||     9
Armor: Robe              |    18 |       ||    18
       Ring mail         |    18 |    20 ||    38
       Leather armour    |       |    16 ||    16
Dodge: Dodged            |    74 |   107 ||   181
